 Dungeon Crawl Stone Soup version 0.27.1-33-g824d729ab1 (webtiles) character file.

Game seed: 2711439553872443818

299 Kaptain the Digger (level 6, -5/34 HPs)
             Began as an Octopode Earth Elementalist on Dec 16, 2021.
             Succumbed to a water moccasin's poison
             ... in a sewer.
             The game lasted 00:11:18 (3726 turns).

Kaptain the Digger (Octopode Earth Elementalist)    Turns: 3726, Time: 00:11:19

Health: -5/34      AC:  1    Str:  7    XL:     6   Next: 36%
Magic:  19/19      EV: 13    Int: 19    God:
Gold:   175        SH:  0    Dex: 13    Spells: 4/11 levels left

rFire    . . .     SeeInvis .   f - +0 dagger (venom)
rCold    . . .     Faith    .   (no shield)
rNeg     . . .     Spirit   .   (helmet restricted)
rPois    .         Reflect  .   (no amulet)
rElec    .         Harm     .   q - ring of magical power
rCorr    .         Rampage  .   (no ring)
Will     .....                  (no ring)
Stlth    +++.......             (no ring)
HPRegen  1.11/turn              (no ring)
MPRegen  0.16/turn              (no ring)
                                (no ring)
                                (no ring)

@: lethally poisoned (-5 -> -28)
A: almost no armour, amphibious, 8 rings, camouflage 1, gelatinous body 1,
(nimble swimmer 1), tentacles, frail 1, regeneration 1
a: no special abilities


You were in a sewer.
You visited 1 branch of the dungeon, and saw 4 of its levels.
You also visited: Sewer.

You collected 175 gold pieces.

Inventory:

Hand Weapons
 c - a +0 dagger
 e - a +0 short sword
 f - a +0 dagger of venom (weapon)
 l - a +1 vorpal flail
Missiles
 a - 3 atropa-tipped darts
 b - 134 stones
 j - 3 datura-tipped darts
 s - 10 poisoned darts
Armour
 h - a +0 tower shield
Magical Staves
 n - a staff of death
Jewellery
 q - a ring of magical power (left tentacle)
Wands
 d - a wand of polymorph (10)
Scrolls
 k - 2 scrolls of teleportation {unknown}
 p - 2 scrolls of amnesia {unknown}
 r - a scroll of silence {unknown}
 t - a scroll of blinking
 u - a scroll of identify
Potions
 g - a potion of degeneration {unknown}
 i - a potion of resistance {unknown}
 m - a potion of brilliance {unknown}
 o - a potion of magic


   Skills:
 + Level 1.4 Fighting
 + Level 2.8 Dodging
 + Level 3.7 Stealth
 * Level 2.0 Shields
 * Level 3.2 Spellcasting
 + Level 2.1 Transmutations
 * Level 4.2 Earth Magic


You had 4 spell levels left.
You knew the following spells:

 Your Spells              Type           Power      Damage    Failure   Level
a - Sandblast             Erth           38%        2d10      2%          1
b - Passwall              Tmut/Erth      12%        N/A       6%          2
c - Stone Arrow           Conj/Erth      22%        3d8       19%         3
d - Foxfire               Conj/Fire      12%        2x1d4     16%         1

Your spell library contained the following spells:

 Spells                   Type           Power      Damage    Failure   Level
 Static Discharge         Conj/Air       3%         N/A       22%         2
 Ignite Poison            Fire/Tmut/Pois 5%         N/A       32%         3
 Petrify                  Tmut/Erth      15%        N/A       36%         4
 Mephitic Cloud           Conj/Pois/Air  3%         N/A       41%         3
 Bolt of Magma            Conj/Fire/Erth 4%         4d5       93%         5
 Chain Lightning          Conj/Air       1%         3d2       100%        9


Dungeon Overview and Level Annotations

Branches:
Dungeon (4/15)              Sewer (1/1)
 Temple: D:4-7

Altars:
Gozag

Shops:
D:3 **[


Innate Abilities, Weirdness & Mutations

You cannot wear most types of armour.
You are amphibious.
You can wear up to eight rings at the same time.
Your skin changes colour to match your surroundings (Stealth+).
Your rubbery body absorbs attacks. (AC +1, EV +1)
((You are camouflaged near water. (Stealth+)))
You have tentacles for arms and can constrict up to eight enemies at once.
You are frail. (-10% HP)
Your natural rate of healing is unusually fast.


Message History

The water moccasin is lightly wounded.
You constrict the water moccasin, but do no damage.
The water moccasin misses you.
You barely miss the water moccasin.
The water moccasin is lightly wounded.
You constrict the water moccasin. The water moccasin bites you!
You hit the water moccasin but do no damage.
The water moccasin is lightly wounded.
You constrict the water moccasin. The water moccasin barely misses you.
The water moccasin bites you.
You are poisoned.
The water moccasin poisons you!
You hit the water moccasin but do no damage.
You squeeze the water moccasin.
The water moccasin is moderately wounded.
You constrict the water moccasin.
You feel very sick. The water moccasin bites you.
You are more poisoned.
The water moccasin poisons you!
Unknown command.
Casting: Sandblast (safe; 2% risk of failure)
Confirm with . or Enter, or press ? or * to list all spells.
Aiming: Sandblast (safe; 2% risk of failure)
Press: ? - help, Shift-Dir - straight line, f - water moccasin
Aim: a water moccasin (moderately wounded, constricted by you, 98% to hit)
The blast of sand hits the water moccasin!
The water moccasin is almost dead.
You constrict the water moccasin.
* * * LOW HITPOINT WARNING * * *
You feel very sick. The water moccasin bites you.
* * * LOW HITPOINT WARNING * * *
You are more poisoned.
The water moccasin poisons you! The water moccasin bites you.
* * * LOW HITPOINT WARNING * * *
It was a potion of magic.
Magic courses through your body.
You constrict the water moccasin.
You kill the water moccasin!
You die...

######## ###.≈..≈.###
# ###.≈≈≈..≈...### $#
##..≈≈≈####≈≈...##≈(#
.≈..≈### ###..≈@†#
≈...## ##≈..≈≈.#
...≈.# #.≈≈.≈###
##.≈...# ≈≈...##≈)#
###...≈≈.....### ?(#
##......## ### ######


There were no monsters in sight!

Vanquished Creatures
  Menkaure (D:4)
  A water moccasin (Sewer)
  An iguana (D:4)
  4 adders
  3 gnolls (D:3)
  An adder skeleton (D:4)
  A worm (D:4)
  3 dart slugs
  2 orcs
  7 bats
  5 endoplasms
  4 giant cockroaches
  7 goblins
  8 hobgoblins
  2 jackals (Sewer)
  2 quokkas
  8 ball pythons
  2 frilled lizards (D:2)
  12 kobolds
  2 rats (D:4)
76 creatures vanquished.

Vanquished Creatures (others)
  4 fungi (D:2)
  8 plants (D:2)
12 creatures vanquished.

Grand Total: 88 creatures vanquished

Notes
Turn   | Place    | Note
-------+----------+-------------------------------------------
     0 | D:1      | Kaptain the Octopode Earth Elementalist began the quest for
                  | the Orb.
     0 | D:1      | Reached XP level 1. HP: 11/11 MP: 3/3
   179 | D:1      | Reached XP level 2. HP: 17/17 MP: 5/5
   181 | D:1      | Got Lehudib's Grimoire of Confrontation
   742 | D:1      | Reached XP level 3. HP: 22/22 MP: 6/6
  1553 | D:2      | Found an opulent altar of Gozag.
  1914 | D:2      | Found a faded altar of an unknown god.
  2133 | D:2      | Gained mutation: Your natural rate of healing is unusually
                  | fast. [potion of mutation]
  2133 | D:2      | Gained mutation: You are frail. (-10% HP) [potion of
                  | mutation]
  2298 | D:3      | Learned a level 2 spell: Passwall
  2302 | D:3      | Learned a level 3 spell: Stone Arrow
  2304 | D:3      | Learned a level 1 spell: Foxfire
  2335 | D:3      | Found Xocsyki's Assorted Antiques.
  2494 | D:3      | Reached XP level 4. HP: 24/24 MP: 7/7
  2636 | D:3      | Noticed a gnoll sergeant
  2707 | D:3      | Found Fusk's Armour Shoppe.
  2782 | D:3      | Reached skill level 1 in Shields
  2821 | D:3      | Found Qesusab's General Store.
  3262 | D:3      | Reached skill level 1 in Fighting
  3262 | D:3      | Reached XP level 5. HP: 29/29 MP: 9/9
  3581 | D:4      | Noticed Menkaure
  3589 | D:4      | Killed Menkaure
  3590 | D:4      | Reached skill level 4 in Earth Magic
  3590 | D:4      | Reached XP level 6. HP: 16/34 MP: 10/10
  3651 | D:4      | Found a glowing drain.
  3655 | Sewer    | Entered a sewer
  3715 | Sewer    | Noticed a water moccasin
  3725 | Sewer    | HP: 1/34 [water moccasin (3)]
  3726 | Sewer    | Killed a water moccasin
  3726 | Sewer    | Succumbed to a water moccasin's poison

Illustrated notes

Levels and vault maps discovered:
D:1:      amcnicky_arrival_choice, layout_loops_ring,
          chequers_serial_rivers_micro_c, st_stairs_11, minmay_misc_feat_rows
D:2:      layout_basic, basic_altar, dreamdust_ecumenical_altar_grove
D:3:      layout_basic, serial_shops, nicolae_lakefront_shop,
          nicolae_shop_trees, nicolae_shop_temple_entry_statues_fountains,
          minmay_fractal_squares_5
D:4:      minmay_door_path, layout_loops_ring,
          chequers_temple_overflow_minitemple, trog_hazing_becter,
          minmay_temple_entry_waves, gup_sewer_entry_bowl, item_on_display_a,
          uniq_menkaure
Sewer:    sewer_the_moccasin

Skill      XL: |  1  2  3  4  5  6 |
---------------+-------------------+-----
Stealth        | 3 |  3.7
Shields        | 1 2 |  2.0
Fighting       | 1 |  1.4
Spellcasting   | 3 |  3.2
Transmutations | 2 |  2.1
Earth Magic    | 4 |  4.2
Dodging        | |  2.8

Action                   |  1- 3 |  4- 6 || total
-------------------------+-------+-------++-------
Melee: Unarmed           |     8 |       ||     8
       Constrict         |    14 |    22 ||    36
       Tentacles         |    11 |    17 ||    28
       Dagger            |    21 |    63 ||    84
       Short sword       |    44 |       ||    44
 Cast: Sandblast         |     9 |    30 ||    39
  Use: Potion            |     4 |     1 ||     5
       Scroll            |     3 |       ||     3
 Stab: Sleeping          |    12 |     3 ||    15
       Distracted        |     1 |       ||     1
Armor: Skin              |     5 |     3 ||     8
Dodge: Dodged            |    40 |    25 ||    65
